[Event "Sunday 01 April Rapid Engine Tour 12+1 Rounds 9 Starts 1600ST"]
[Site "Infinity Chess"]
[Date "2018.4.1"]
[Round "5"]
[White "Prometheus"]
[Black "IronMan"]
[Result "1/2-1/2"]
[ECO "B90"]
[WhiteElo "2454"]
[BlackElo "2451"]
[WhiteEngine "Eman 1.70-beta11 64-bit BMI2"]
[BlackEngine "Eman 1.70-beta11 64-bit BMI2"]
[EventType "Swiss"]
[WhiteTeam ""]
[BlackTeam ""]
[PlyCount "121"]
[TimeControl "720+1"]

1. e4 c5 2. Nf3 d6 3. d4 cxd4 4. Nxd4 Nf6 5. Nc3 a6 6. Be3 e5 7. Nb3 Be6 
8. f3 h5 9. Qd2 Nbd7 10. Nd5 Bxd5 11. exd5 g6 12. Be2 Bg7 13. O-O b6 14. c4 O-O 
15. Rae1 Re8 16. Bf2 Qc7 17. Bd3 Kh7 18. a4 Bh6 19. Qd1 Rab8 20. Bh4 Kg7 
21. Re2 Rec8 22. Kh1 Ra8 23. Ree1 Kg8 24. h3 Nh7 25. Bg3 Nc5 26. Nxc5 bxc5 
27. Re2 Qd7 28. Bc2 Rab8 29. Bh4 Re8 30. b3 Bg5 31. Bxg5 Nxg5 32. Qc1 Qd8 
33. Qe1 Nh7 34. g3 Kg7 35. h4 f5 36. g4 hxg4 37. fxg4 fxg4 38. Kg2 Rf8 
39. Rxf8 Qxf8 40. Rf2 Nf6 41. Qe3 Qe8 42. Qg5 Nh5 43. Qxg4 Nf4+ 44. Kf1 Qf7 
45. Ke1 Rh8 46. Kd1 Qf6 47. Qd7+ Kg8 48. Qc8+ Kg7 49. Qd7+ Kh6 50. Be4 Qxh4 
51. Rf1 Nh5 52. Bxg6 Ng3 53. Rf2 Qd4+ 54. Rd2 Qa1+ 55. Kc2 Kg5 56. Bd3 e4 
57. Bxe4 Qa2+ 58. Kc1 Qa1+ 59. Kc2 Qa2+ 60. Kc1 Qa1+ 61. Kc2 1/2-1/2

[Event "Sunday 01 April Rapid Engine Tour 12+1 Rounds 9 Starts 1600ST"]
[Site "Infinity Chess"]
[Date "2018.4.1"]
[Round "5"]
[White "CoffeeOne"]
[Black "MarioDeMonti"]
[Result "1/2-1/2"]
[ECO "A46"]
[WhiteElo "2507"]
[BlackElo "2492"]
[WhiteEngine "Houdini 6"]
[BlackEngine "stockfish_x64_bmi2_2018_02_18_CTG"]
[EventType "Swiss"]
[WhiteTeam ""]
[BlackTeam ""]
[PlyCount "75"]
[TimeControl "720+1"]

1. d4 Nf6 2. Nf3 d5 3. c4 e6 4. Nc3 c6 5. Bg5 h6 6. Bxf6 Qxf6 7. e3 Nd7 
8. Be2 g6 9. O-O Bg7 10. cxd5 exd5 11. b4 a6 12. a4 O-O 13. b5 Qd6 14. h3 Rd8 
15. bxc6 bxc6 16. Rb1 c5 17. Qd2 Nf6 18. dxc5 Qxc5 19. Nd4 Ne4 20. Nxe4 dxe4 
21. h4 h5 22. Rfc1 Qd6 23. Rd1 Kh7 24. Qa5 Qe7 25. g3 Qe8 26. Qc7 Bxd4 
27. exd4 Bf5 28. Rb6 e3 29. Qf4 exf2+ 30. Kxf2 Rac8 31. Rxa6 Rc2 32. Rd2 Rdc8 
33. Bd1 Rxd2+ 34. Qxd2 Qe4 35. Bf3 Qe8 36. Bd1 Qe4 37. Bf3 Qe8 38. Bd1 1/2-1/2

[Event "Sunday 01 April Rapid Engine Tour 12+1 Rounds 9 Starts 1600ST"]
[Site "Infinity Chess"]
[Date "2018.4.1"]
[Round "4"]
[White "AHGST"]
[Black "hafaba"]
[Result "1/2-1/2"]
[ECO "A06"]
[WhiteElo "2364"]
[BlackElo "2394"]
[WhiteEngine "komodo-11.3.1-64bit-BMI2"]
[BlackEngine "DracoREX 3.07 64BIT POPCNT_CTG"]
[EventType "Swiss"]
[WhiteTeam ""]
[BlackTeam ""]
[PlyCount "170"]
[TimeControl "720+1"]

1. Nf3 d5 2. b3 Nf6 3. Bb2 c5 4. e3 e6 5. d4 Nc6 6. Nbd2 cxd4 7. exd4 Bd6 
8. Bd3 O-O 9. a3 b6 10. O-O Bb7 11. Ne5 Ne7 12. Qe2 Rc8 13. Rae1 Ng6 14. f4 Qe7 
15. b4 a5 16. bxa5 bxa5 17. c4 dxc4 18. Ndxc4 Nh4 19. g3 Nf5 20. Nxa5 Ba8 
21. Rc1 Rxc1 22. Rxc1 Bxa3 23. Nac6 Qd6 24. Bxa3 Qxa3 25. Qd2 Bxc6 26. Nxc6 g6 
27. Qc3 Qxc3 28. Rxc3 Nd5 29. Rc4 Ra8 30. Bxf5 gxf5 31. Rc2 Kg7 32. Rb2 Rc8 
33. Ne5 Rc7 34. Rb3 h5 35. Nf3 Kg6 36. Kg2 f6 37. Kh3 Ra7 38. Kh4 Ra2 
39. Kh3 Kg7 40. Rd3 Kh7 41. Kh4 Ra8 42. Nd2 Kg6 43. Nf3 Rb8 44. Ra3 Rb2 
45. Rd3 Re2 46. Kh3 Rc2 47. Ra3 Rc7 48. Ra6 Rc3 49. Nh4+ Kf7 50. Ra7+ Rc7 
51. Rxc7+ Nxc7 52. Nf3 Kg6 53. Kg2 Kf7 54. Kh3 Nd5 55. Kh4 Kg6 56. Nd2 Ne7 
57. Nb3 Nc6 58. Kh3 Nb4 59. Kg2 Nc6 60. Kf3 Ne7 61. Nc5 Kf7 62. Ke3 Nd5+ 
63. Ke2 h4 64. Kf3 hxg3 65. Kxg3 Nc3 66. Kf3 Nb5 67. Ke3 Nc7 68. h4 Nd5+ 
69. Kf3 Nb4 70. h5 Nc2 71. d5 exd5 72. Ke2 Nd4+ 73. Kd3 Nb5 74. Nd7 Nc7 
75. h6 Kg6 76. Kd4 Ne6+ 77. Kxd5 Nxf4+ 78. Kd4 Nh5 79. Nf8+ Kxh6 80. Ke3 Kg5 
81. Kf3 Ng7 82. Nh7+ Kg6 83. Nf8+ Kg5 84. Nh7+ Kg6 85. Nf8+ Kf7 1/2-1/2

[Event "Sunday 01 April Rapid Engine Tour 12+1 Rounds 9 Starts 1600ST"]
[Site "Infinity Chess"]
[Date "2018.4.1"]
[Round "4"]
[White "star99"]
[Black "ocirema"]
[Result "1/2-1/2"]
[ECO "C24"]
[WhiteElo "2407"]
[BlackElo "2433"]
[WhiteEngine "Cryptic Heroes 9.2B"]
[BlackEngine "asmFishW_2018-03-23_popcnt"]
[EventType "Swiss"]
[WhiteTeam ""]
[BlackTeam ""]
[PlyCount "104"]
[TimeControl "720+1"]

1. e4 e5 2. Bc4 Nf6 3. d3 c6 4. Bb3 d5 5. Nf3 a5 6. a4 Bb4+ 7. c3 Bd6 
8. exd5 cxd5 9. Bg5 Be6 10. Na3 Nbd7 11. O-O O-O 12. Bh4 Bb8 13. Re1 Re8 
14. Nd2 Nc5 15. Bc2 Bd7 16. Nf3 e4 17. dxe4 dxe4 18. Nd2 Qc7 19. Bg3 Qc6 
20. Bxb8 Raxb8 21. Ndc4 Rbd8 22. Qd6 Qxd6 23. Nxd6 Re7 24. Ndb5 Be6 25. Nd4 Bd5 
26. b4 axb4 27. cxb4 Na6 28. b5 Nc5 29. Nf5 Red7 30. Ne3 Be6 31. Nac4 Ng4 
32. a5 Nxe3 33. Nxe3 f5 34. g3 g5 35. Red1 f4 36. Ng2 Bc4 37. a6 bxa6 
38. bxa6 Bxa6 39. Rxd7 Rxd7 40. Ra5 Rc7 41. gxf4 gxf4 42. Nxf4 Nd3 43. Bb3+ Bc4 
44. Bxc4+ Rxc4 45. Rf5 Nxf4 46. Rxf4 Rc1+ 47. Kg2 Re1 48. Rf5 e3 49. fxe3 Rxe3 
50. Rf6 Re2+ 51. Kg3 Re5 52. Ra6 Kg7 1/2-1/2

[Event "Sunday 01 April Rapid Engine Tour 12+1 Rounds 9 Starts 1600ST"]
[Site "Infinity Chess"]
[Date "2018.4.1"]
[Round "4"]
[White "Prometheus"]
[Black "Marsell"]
[Result "1-0"]
[ECO "C55"]
[WhiteElo "2437"]
[BlackElo "2463"]
[WhiteEngine "Eman 1.70-beta11 64-bit BMI2"]
[BlackEngine "asmFishW_2018-03-16_bmi2"]
[EventType "Swiss"]
[WhiteTeam ""]
[BlackTeam ""]
[PlyCount "227"]
[TimeControl "720+1"]

1. e4 e5 2. Nf3 Nc6 3. Bc4 Nf6 4. d3 Bc5 5. O-O d6 6. c3 O-O 7. h3 a6 8. Re1 Ba7 
9. a4 h6 10. Nbd2 Re8 11. Bb3 Be6 12. Bxe6 Rxe6 13. b4 d5 14. Qc2 d4 
15. Bb2 dxc3 16. Bxc3 a5 17. b5 Nb4 18. Bxb4 axb4 19. Nc4 Nd7 20. a5 Rf6 
21. Qe2 Bc5 22. Reb1 c6 23. b6 Re6 24. Qc2 Qf6 25. Ncd2 Ree8 26. g3 h5 
27. Kg2 Red8 28. Nb3 Bf8 29. h4 g6 30. Re1 Qd6 31. Red1 Qe7 32. Qb2 Rac8 
33. Nbd2 Nc5 34. Qxb4 Rxd3 35. Nc4 Rb3 36. Qe1 f6 37. Nd6 Rb8 38. Nd2 Rd3 
39. N2c4 Rxd1 40. Rxd1 Qe6 41. Kh2 Nb3 42. Qc3 Nc5 43. Qe3 Na6 44. Rd3 Kh7 
45. Kg2 Be7 46. Qe2 Nc5 47. Rd1 Ra8 48. Kh2 Bf8 49. Kg2 Be7 50. Qf3 Rb8 
51. Qe3 Na6 52. Rd3 Bf8 53. Qe2 Nc5 54. Rd1 Ra8 55. Kh2 Be7 56. Qe3 Na6 
57. Rd3 Rb8 58. Qe2 Nc5 59. Rd1 Ra8 60. Qe3 Na6 61. Rd3 Rb8 62. Kg2 Bf8 
63. Qe2 Nc5 64. Rd1 Ra8 65. Qc2 Be7 66. Rd2 Bf8 67. Qa2 Kg8 68. Nxb7 Nxb7 
69. a6 Kg7 70. Ne3 Qe8 71. Qc4 Nc5 72. a7 Qf7 73. Qxf7+ Kxf7 74. f4 Ke8 
75. fxe5 fxe5 76. Nc4 Nb7 77. Nxe5 Bd6 78. Nxc6 Bc5 79. Rb2 Kd7 80. Nb8+ Ke8 
81. Na6 Bxb6 82. Rxb6 Rxa7 83. Rxg6 Kf7 84. Rc6 Nd8 85. Rc7+ Rxc7 86. Nxc7 Kf6 
87. Nd5+ Ke5 88. Nf4 Kxe4 89. Nxh5 Nc6 90. g4 Nd4 91. Kh3 Ne6 92. Nf6+ Kf4 
93. Nd7 Nd4 94. h5 Kg5 95. Nc5 Nf3 96. Kg3 Nd2 97. Ne6+ Kf6 98. Nd4 Ne4+ 
99. Kh3 Ng5+ 100. Kh4 Ne4 101. Nf3 Ke7 102. g5 Kf7 103. h6 Kg6 104. Ne5+ Kh7 
105. Kg4 Nd6 106. Kh5 Ne4 107. g6+ Kg8 108. Nf7 Nf6+ 109. Kg5 Ne4+ 110. Kf5 Ng3+ 
111. Ke6 Nh5 112. h7+ Kg7 113. h8=Q+ Kxg6 114. Qh6# 1-0

[Event "Sunday 01 April Rapid Engine Tour 12+1 Rounds 9 Starts 1600ST"]
[Site "Infinity Chess"]
[Date "2018.4.1"]
[Round "4"]
[White "KhalidOmar"]
[Black "Mr Aj"]
[Result "1/2-1/2"]
[ECO "E10"]
[WhiteElo "2445"]
[BlackElo "2457"]
[WhiteEngine "Eman 1.70-beta12 64-bit BMI2"]
[BlackEngine "Houdini 6"]
[EventType "Swiss"]
[WhiteTeam ""]
[BlackTeam ""]
[PlyCount "128"]
[TimeControl "720+1"]

1. d4 Nf6 2. c4 e6 3. Nf3 d5 4. g3 Bb4+ 5. Bd2 Be7 6. Bg2 O-O 7. Qc2 Nbd7 
8. O-O c6 9. Rd1 b6 10. Bf4 Bb7 11. Ne5 h6 12. Nc3 g5 13. cxd5 cxd5 14. Be3 Rc8 
15. Rac1 b5 16. Qd3 a6 17. f4 Ne8 18. Nb1 Ng7 19. g4 gxf4 20. Rxc8 Qxc8 
21. Nxd7 Qxd7 22. Bxf4 Rc8 23. Rf1 Qc6 24. Qf3 Qc2 25. Bxh6 Qg6 26. Nd2 f5 
27. Bxg7 fxg4 28. Qg3 Qxg7 29. Nb3 Rf8 30. e3 Bc6 31. Rxf8+ Kxf8 32. Bf1 Be8 
33. Nc5 Bxc5 34. Qf4+ Bf7 35. Qb8+ Be8 36. Qf4+ Bf7 37. dxc5 e5 38. Qg3 Be6 
39. Be2 Kf7 40. b3 Kf6 41. Qf2+ Ke7 42. Qh4+ Kf7 43. Qf2+ Ke7 44. Qh4+ Kf7 
45. c6 Qg6 46. c7 Bc8 47. Kf2 d4 48. exd4 exd4 49. Qg3 Qf5+ 50. Ke1 Qb1+ 
51. Bd1 Qe4+ 52. Kd2 d3 53. a4 Qd4 54. axb5 axb5 55. Qxd3 Qf4+ 56. Ke1 Qxh2 
57. Qd5+ Kg7 58. Qd4+ Kf7 59. Qc5 Qg3+ 60. Kf1 Qf4+ 61. Qf2 Qxf2+ 62. Kxf2 Ke7 
63. Kg3 Kd7 64. Bxg4+ Kxc7 1/2-1/2

[Event "Sunday 01 April Rapid Engine Tour 12+1 Rounds 9 Starts 1600ST"]
[Site "Infinity Chess"]
[Date "2018.4.1"]
[Round "4"]
[White "RonWeasley"]
[Black "KULLANI"]
[Result "1/2-1/2"]
[ECO "D30"]
[WhiteElo "2460"]
[BlackElo "2447"]
[WhiteEngine "BrainFish 290318_CTG"]
[BlackEngine "BrainFish_180329_x64"]
[EventType "Swiss"]
[WhiteTeam ""]
[BlackTeam ""]
[PlyCount "139"]
[TimeControl "720+1"]

1. d4 d5 2. c4 e6 3. Nf3 Nf6 4. Nc3 c6 5. Bg5 h6 6. Bxf6 Qxf6 7. e3 Nd7 
8. Be2 Bd6 9. O-O Qe7 10. e4 dxe4 11. Nxe4 Bc7 12. Re1 O-O 13. Bd3 Rd8 
14. Qe2 c5 15. d5 exd5 16. cxd5 Nf8 17. Qc2 Bg4 18. Nc3 Qf6 19. Nd2 a6 
20. a4 Ng6 21. Bxg6 fxg6 22. h3 Bf5 23. Qb3 Qf7 24. Nde4 Ba5 25. Nxc5 Bxc3 
26. Qxc3 Rxd5 27. a5 Rf8 28. Re2 Bd7 29. Nxd7 Rxd7 30. Rae1 Qf6 31. Qc2 Qf5 
32. Qc4+ Qf7 33. Qg4 Qf5 34. Qc4+ Qd5 35. Qxd5+ Rxd5 36. Re7 Rd2 37. f3 Rf7 
38. b4 Rb2 39. Re8+ Rf8 40. R8e7 Rf7 41. Rxf7 Kxf7 42. Re4 g5 43. Kh2 Kf6 
44. h4 gxh4 45. Rxh4 h5 46. Rxh5 Rxb4 47. Rc5 Rb5 48. Rc7 Rxa5 49. Rxb7 Rb5 
50. Ra7 Rh5+ 51. Kg3 Rg5+ 52. Kf4 Rf5+ 53. Ke4 Ra5 54. g3 Ra4+ 55. Kd3 Ra3+ 
56. Ke2 g5 57. Rc7 Ra5 58. Rc6+ Kf5 59. g4+ Kf4 60. Rf6+ Kg3 61. Rf5 Ra2+ 
62. Ke3 Ra3+ 63. Ke2 Ra2+ 64. Ke3 Ra3+ 65. Kd4 Rxf3 66. Ke4 Rf4+ 67. Rxf4 gxf4 
68. g5 f3 69. g6 f2 70. g7 1/2-1/2

[Event "Sunday 01 April Rapid Engine Tour 12+1 Rounds 9 Starts 1600ST"]
[Site "Infinity Chess"]
[Date "2018.4.1"]
[Round "4"]
[White "MGR"]
[Black "fati64"]
[Result "1/2-1/2"]
[ECO "D31"]
[WhiteElo "2464"]
[BlackElo "2462"]
[WhiteEngine "asmFishW_2018-02-19_bmi2"]
[BlackEngine "BrainFish_180329_x64"]
[EventType "Swiss"]
[WhiteTeam ""]
[BlackTeam ""]
[PlyCount "42"]
[TimeControl "720+1"]

1. d4 d5 2. c4 e6 3. Nc3 c6 4. e4 dxe4 5. Nxe4 Bb4+ 6. Bd2 Qxd4 7. Bxb4 Qxe4+ 
8. Be2 Na6 9. Ba5 b6 10. Qd6 Bd7 11. Bc3 f6 12. Rd1 O-O-O 13. Qa3 Kb7 14. c5 b5 
15. Nf3 Ne7 16. Ba5 Nd5 17. Bxd8 Rxd8 18. Nd2 Qe5 19. Nf3 Qe4 20. Nd2 Qe5 
21. Nf3 Qe4 1/2-1/2

[Event "Sunday 01 April Rapid Engine Tour 12+1 Rounds 9 Starts 1600ST"]
[Site "Infinity Chess"]
[Date "2018.4.1"]
[Round "4"]
[White "Murx"]
[Black "Thinker"]
[Result "1/2-1/2 "]
[ECO "C50"]
[WhiteElo "2469"]
[BlackElo "2456"]
[WhiteEngine "BrainFish_180329_x64_modern"]
[BlackEngine "BrainFish_180329_x64_modern_CTG"]
[EventType "Swiss"]
[WhiteTeam ""]
[BlackTeam ""]
[PlyCount "304"]
[TimeControl "720+1"]

1. e4 e5 2. Nf3 Nc6 3. Bc4 Bc5 4. O-O Nf6 5. d3 d6 6. c3 O-O 7. h3 a6 8. Re1 Ba7 
9. a4 h6 10. Nbd2 Re8 11. b4 Be6 12. Bxe6 Rxe6 13. Qc2 Qd7 14. Rb1 Ree8 
15. Nf1 b5 16. a5 Ne7 17. Be3 Bxe3 18. Nxe3 Ng6 19. c4 bxc4 20. dxc4 Rab8 
21. Red1 c6 22. Nh2 h5 23. Nf3 Nf4 24. Ng5 g6 25. h4 Red8 26. c5 d5 
27. exd5 N6xd5 28. Qc4 Qb7 29. Ne4 Qc8 30. Re1 Ra8 31. Nd6 Qe6 32. Nxd5 cxd5 
33. Qc2 d4 34. Qe4 Rab8 35. Qxe5 Qxe5 36. Rxe5 Nd3 37. Re4 Nxc5 38. Rxd4 Ne6 
39. Rd2 Kf8 40. g3 Rd7 41. Rbb2 Ke7 42. Nc4 Rxd2 43. Nxd2 Kd6 44. Kg2 Nd4 
45. Ne4+ Kd5 46. Nc5 Ra8 47. Nd3 Kc4 48. Ne5+ Kc3 49. Rb1 Kc2 50. Ra1 Ra7 
51. Ra3 Rb7 52. Re3 Nf5 53. Re2+ Kb3 54. Nc6 Rc7 55. Nb8 Ra7 56. Re8 Ka4 
57. Nc6 Rc7 58. Nb8 Ra7 59. Re1 Ra8 60. Nc6 Rc8 61. Ra1+ Kb3 62. Rc1 Nd6 
63. b5 Kb2 64. Rd1 Nxb5 65. Nb4 Ra8 66. Rd5 Kc3 67. Nxa6 Rxa6 68. Rxb5 Kc4 
69. Rb7 Kd5 70. Rxf7 Ke6 71. Rg7 Kf5 72. Re7 Rxa5 73. Rf7+ Ke6 74. Rb7 Kf5 
75. Rb8 Ke6 76. Kh3 Ra4 77. Rb6+ Kf5 78. Rd6 Ra5 79. Rd4 Ra2 80. Rd8 Rb2 
81. Re8 Kf6 82. Rc8 Re2 83. Rf8+ Kg7 84. Rf3 Rb2 85. Kg2 Re2 86. Kh2 Rd2 
87. Rf4 Rd1 88. Rc4 Kf7 89. Rf4+ Ke6 90. Kh3 Rd5 91. Re4+ Kf6 92. Rf4+ Ke5 
93. Kg2 Ke6 94. Ra4 Rd1 95. Ra6+ Kf5 96. Ra5+ Kf6 97. Ra6+ Kf7 98. Ra7+ Ke6 
99. Kf3 Rd3+ 100. Kf4 Rd5 101. Rg7 Kf6 102. Ra7 Ke6 103. Ke3 Kf5 104. Ke2 Kf6 
105. Rb7 Ke6 106. Rb3 Kf5 107. Ra3 Kg4 108. Ra6 Re5+ 109. Kf1 Kf5 110. Kg2 Rd5 
111. Kf3 Rd7 112. Ra3 Rd1 113. Ke2 Rd5 114. Kf1 Kf6 115. Ke1 Kf7 116. Ke2 Rd6 
117. Ke3 Re6+ 118. Kf4 Re7 119. Ra1 Kg7 120. f3 Kf6 121. Ra6+ Kg7 122. Ra4 Re2 
123. Ra5 Rf2 124. Ra7+ Kh6 125. Rc7 Rh2 126. Ke3 Rg2 127. Kf4 Ra2 128. Rc5 Rg2 
129. Rg5 Rb2 130. Re5 Rb4+ 131. Ke3 Rb3+ 132. Kf2 Rb2+ 133. Kg1 Kg7 134. Rd5 Rb3 
135. Kf2 Kf7 136. Rd4 Kf6 137. Ra4 Rb1 138. Ke3 Rb3+ 139. Kf4 Rd3 140. Rc4 Rb3 
141. Ke4 Rb6 142. Rc1 Kg7 143. Rc7+ Kf6 144. Rd7 Rb4+ 145. Rd4 Rb8 146. Kf4 Rb3 
147. Rd6+ Kg7 148. Ke4 Rb4+ 149. Ke5 Rb5+ 150. Kd4 Rb8 151. Kd3 Rb3+ 
152. Ke2 Rb2+ 1/2-1/2

[Event "Sunday 01 April Rapid Engine Tour 12+1 Rounds 9 Starts 1600ST"]
[Site "Infinity Chess"]
[Date "2018.4.1"]
[Round "4"]
[White "CoffeeOne"]
[Black "Longin"]
[Result "1-0"]
[ECO "C55"]
[WhiteElo "2492"]
[BlackElo "2469"]
[WhiteEngine "Houdini 6"]
[BlackEngine "Raubfisch ME262_GTZ16f_CTG"]
[EventType "Swiss"]
[WhiteTeam ""]
[BlackTeam ""]
[PlyCount "209"]
[TimeControl "720+1"]

1. e4 e5 2. Nf3 Nc6 3. Bc4 Nf6 4. d3 Bc5 5. c3 d6 6. O-O h6 7. b4 Bb6 8. a4 a6 
9. Re1 O-O 10. h3 Ne7 11. Nbd2 Ng6 12. d4 exd4 13. cxd4 d5 14. exd5 Nxd5 
15. Ne4 Be6 16. Qb3 c6 17. Nc5 Bxc5 18. bxc5 Qd7 19. Qb2 Rfe8 20. Ra3 Ndf4 
21. Bf1 Rad8 22. Rae3 Re7 23. Bd2 Qc7 24. Ra3 Nd5 25. Ne5 Nxe5 26. dxe5 Red7 
27. Rd3 Re8 28. f4 Qd8 29. Kh2 Bf5 30. Rd4 f6 31. Qb3 fxe5 32. fxe5 Kh8 
33. Qg3 Re6 34. Bc4 Bh7 35. Be3 Qe8 36. Bf2 Ree7 37. Re2 Bf5 38. Be1 Be6 
39. Bd3 Bg8 40. Bd2 Bh7 41. Bc4 Re6 42. Be1 Bg6 43. Bf2 Ree7 44. Ba2 Bf5 
45. Be1 Kh7 46. Qf3 Qg6 47. Bh4 Rf7 48. Re1 Qe6 49. Qe2 Kg8 50. Rd2 Rf8 
51. Rb2 Rff7 52. Bc4 Kh8 53. Rb6 Bg6 54. Bg3 Rfe7 55. Rb3 Kh7 56. Qb2 Rf7 
57. Be2 Rde7 58. a5 Nf4 59. Bg4 Bf5 60. Bxf5+ Qxf5 61. Rf3 g5 62. Qd4 Rd7 
63. Qf2 Rde7 64. Qe3 Re6 65. Qd4 Ree7 66. Bxf4 gxf4 67. Re4 Qe6 68. Qd3 Kh8 
69. Qf1 Qd5 70. Qe2 Qxc5 71. Rd3 Rg7 72. Rd8+ Kh7 73. Qf3 Rg8 74. Rxg8 Kxg8 
75. Qg4+ Rg7 76. Qxf4 Qf8 77. Qe3 Qf1 78. Qb3+ Kf8 79. Qb2 Qd3 80. Qf2+ Kg8 
81. Re3 Qd5 82. e6 Qd6+ 83. Kh1 Qf8 84. Qe2 Qe7 85. Qc4 Rg6 86. Qe4 Rg5 
87. h4 Rg7 88. Kg1 h5 89. Qe5 c5 90. Qd5 Kh8 91. Re5 Rh7 92. Rf5 Kg8 93. Qe5 Rg7 
94. Qb8+ Kh7 95. Rxh5+ Kg6 96. Qe5 Rf7 97. g4 Qf6 98. Rh6+ Kxh6 99. g5+ Kg6 
100. gxf6 Rxf6 101. Qg5+ Kh7 102. Qxf6 c4 103. e7 c3 104. e8=Q c2 105. Qeg6# 1-0

[Event "Sunday 01 April Rapid Engine Tour 12+1 Rounds 9 Starts 1600ST"]
[Site "Infinity Chess"]
[Date "2018.4.1"]
[Round "4"]
[White "MarioDeMonti"]
[Black "SkyPilot"]
[Result "1-0"]
[ECO "E61"]
[WhiteElo "2475"]
[BlackElo "2498"]
[WhiteEngine "stockfish_x64_bmi2_2018_02_18_CTG"]
[BlackEngine "stockfish_x64_bmi2_2018_03_26_CTG"]
[EventType "Swiss"]
[WhiteTeam ""]
[BlackTeam ""]
[PlyCount "199"]
[TimeControl "720+1"]

1. d4 Nf6 2. c4 g6 3. Nc3 d6 4. Nf3 Bg7 5. e4 O-O 6. Be2 e5 7. O-O Nc6 8. d5 Ne7 
9. b4 Kh8 10. Nd2 Ne8 11. c5 f5 12. f3 f4 13. Nc4 Rf7 14. Qb3 h5 15. Qd1 h4 
16. Rf2 h3 17. g4 Bf6 18. Bf1 Rh7 19. a4 g5 20. Bb2 Ng6 21. Qb3 b6 22. c6 a6 
23. Rc2 Kg8 24. Nd1 Qe7 25. Nf2 Qg7 26. Rc3 Be7 27. b5 a5 28. Be2 Nf6 
29. Kf1 Qh6 30. Ke1 Qh4 31. Ra3 Rf7 32. Qc2 Qh8 33. Ra1 Kf8 34. Rc1 Rh7 
35. Kd2 Ng8 36. Rd1 Nh6 37. Kc1 Kg7 38. Qb3 Nf7 39. Kb1 Bf6 40. Bd3 Kg8 
41. Qc2 Qg7 42. Qe2 Rb8 43. Rcc1 Rh6 44. Qf1 Qh7 45. Qe2 Nh4 46. Ka2 Qh8 
47. Rg1 Kf8 48. Rb1 Rh7 49. Rgf1 Nh6 50. Bc2 Ng6 51. Nd3 Kg7 52. Rg1 Qf8 
53. Rbd1 Kh8 54. Bb3 Ng8 55. Rd2 Ra8 56. Rc1 Nh6 57. Nf2 Nf7 58. Kb1 Qd8 
59. Qf1 Kg7 60. Nd3 Ra7 61. Qf2 Nh4 62. Bc3 Ra8 63. Ndxe5 dxe5 64. d6 Nxd6 
65. Nxd6 Kg6 66. Rcd1 Qe7 67. Rd3 Be6 68. Nf5 Qe8 69. Qa2 Bxb3 70. Qxb3 Qg8 
71. Qxg8+ Rxg8 72. Nxh4+ Rxh4 73. Rd5 Rh7 74. Bxe5 Rf7 75. Bxf6 Rxf6 
76. Rd8 Rxd8 77. Rxd8 Kf7 78. Rd7+ Ke8 79. Kc2 Re6 80. Rxc7 Kd8 81. Rb7 Rd6 
82. Rd7+ Rxd7 83. cxd7 Kc7 84. Kd3 Kd8 85. Kd4 Kc7 86. Ke5 Kxd7 87. Kf6 Kd8 
88. Kf7 Kc7 89. Ke6 Kc8 90. Ke7 Kc7 91. e5 Kc8 92. Kd6 Kd8 93. e6 Ke8 94. e7 Kf7 
95. Kd7 Kg8 96. Ke6 Kg7 97. e8=Q Kh6 98. Kf7 Kh7 99. Qg8+ Kh6 100. Qg6# 1-0

[Event "Sunday 01 April Rapid Engine Tour 12+1 Rounds 9 Starts 1600ST"]
[Site "Infinity Chess"]
[Date "2018.4.1"]
[Round "4"]
[White "Brtroy"]
[Black "Eman"]
[Result "1/2-1/2"]
[ECO "D02"]
[WhiteElo "2501"]
[BlackElo "2518"]
[WhiteEngine "BrainFish_180329_x64_bmi2_CTG"]
[BlackEngine "Eman 1.70-beta12 64-bit POPCNT"]
[EventType "Swiss"]
[WhiteTeam ""]
[BlackTeam ""]
[PlyCount "57"]
[TimeControl "720+1"]

1. d4 d5 2. Nf3 Nf6 3. c4 e6 4. Nc3 c6 5. e3 Nbd7 6. Bd3 dxc4 7. Bxc4 b5 
8. Bd3 Bb7 9. O-O a6 10. e4 c5 11. d5 Qc7 12. dxe6 fxe6 13. Bc2 Bd6 14. Ng5 Nf8 
15. f4 O-O-O 16. Qe2 h6 17. Nf3 Bxf4 18. e5 Bxf3 19. Qxf3 Bxe5 20. Qa8+ Kd7 
21. Qxa6 Ke7 22. Kh1 Bxh2 23. Be3 Qe5 24. Rf3 b4 25. Nb5 Bg3 26. Kg1 Bh2+ 
27. Kh1 Bg3 28. Kg1 Bh2+ 29. Kh1 1/2-1/2

[Event "Sunday 01 April Rapid Engine Tour 12+1 Rounds 9 Starts 1600ST"]
[Site "Infinity Chess"]
[Date "2018.4.1"]
[Round "4"]
[White "Susanne"]
[Black "MCDermont"]
[Result "1/2-1/2"]
[ECO "C12"]
[WhiteElo "2531"]
[BlackElo "2513"]
[WhiteEngine "stockfish_jvv01_x64_bmi2_CTG"]
[BlackEngine "BrainFish 290318_CTG"]
[EventType "Swiss"]
[WhiteTeam ""]
[BlackTeam ""]
[PlyCount "98"]
[TimeControl "720+1"]

1. e4 e6 2. d4 d5 3. Nc3 Nf6 4. Bg5 Bb4 5. e5 h6 6. Bd2 Bxc3 7. bxc3 Ne4 
8. Bc1 Nxc3 9. Qg4 g6 10. Bd3 Qe7 11. Nf3 Bd7 12. Bd2 Ne4 13. Bxe4 dxe4 
14. Qxe4 Bc6 15. Qe3 Bxf3 16. Qxf3 c5 17. d5 exd5 18. Qxd5 Nc6 19. Be3 Qxe5 
20. Qxe5+ Nxe5 21. Bxc5 Kd7 22. Be3 Nc4 23. O-O-O+ Kc6 24. Rd4 Nxe3 
25. fxe3 Rhe8 26. Rf1 f5 27. Rc4+ Kb6 28. g4 Rxe3 29. gxf5 Rf8 30. f6 Rf7 
31. Rg4 g5 32. h4 Re5 33. hxg5 hxg5 34. a3 Kc6 35. Rd4 b6 36. a4 Kc5 37. c3 Rd5 
38. Rxd5+ Kxd5 39. Rf5+ Kc4 40. Kd2 g4 41. Ke3 g3 42. Kf3 g2 43. Kxg2 Kxc3 
44. Rf4 a6 45. Kf3 b5 46. axb5 axb5 47. Kg4 b4 48. Rf3+ Kc4 49. Rf4+ Kb3 1/2-1/2

[Event "Sunday 01 April Rapid Engine Tour 12+1 Rounds 9 Starts 1600ST"]
[Site "Infinity Chess"]
[Date "2018.4.1"]
[Round "4"]
[White "angriff"]
[Black "xeonrocks"]
[Result "1/2-1/2"]
[ECO "C53"]
[WhiteElo "2378"]
[BlackElo "2550"]
[WhiteEngine "DracoREX 3.07 64BIT POPCNT_CTG"]
[BlackEngine "Stockfish_x64_bmi2_CTG"]
[EventType "Swiss"]
[WhiteTeam ""]
[BlackTeam ""]
[PlyCount "204"]
[TimeControl "720+1"]

1. e4 e5 2. Nf3 Nc6 3. Bc4 Bc5 4. c3 Nf6 5. d3 d6 6. O-O a5 7. Bg5 Ba7 
8. Nbd2 h6 9. Bh4 Bd7 10. a4 Qe7 11. Bg3 Nh5 12. Kh1 O-O 13. h3 Nxg3+ 
14. fxg3 Be3 15. Kh2 Bxd2 16. Nxd2 Nd8 17. Bb3 Be6 18. Nc4 b6 19. Qc2 Rb8 
20. Ba2 f6 21. g4 Qd7 22. d4 Qe8 23. Qd3 Kh8 24. d5 Bd7 25. b3 h5 26. gxh5 Qxh5 
27. Bb1 Nf7 28. Qf3 Qh6 29. Qg3 g6 30. Bd3 Kg7 31. Ne3 Ng5 32. Ng4 Qh5 
33. Rae1 Bxg4 34. Qxg4 Qxg4 35. hxg4 Rh8+ 36. Kg3 Ra8 37. Bc4 Rhc8 38. Re3 Rh8 
39. Bb5 Kf7 40. Ree1 Ke7 41. Bd3 Rh6 42. Rh1 Rxh1 43. Rxh1 c6 44. c4 Kf7 
45. Kf2 Kg7 46. Ke3 Rc8 47. Ke2 Nf7 48. Kd2 Rb8 49. Ke2 c5 50. g3 Rh8 51. Rh4 g5 
52. Rxh8 Nxh8 53. Kf3 Ng6 54. Kf2 Kh7 55. Be2 Nh8 56. Ke3 Nf7 57. Kf3 Nh6 
58. Bd3 Ng8 59. Kf2 Kg6 60. Kf3 Kh6 61. Ke3 Kh7 62. Kf3 Ne7 63. Kg2 Nc8 
64. Kf3 Kg6 65. Kg2 Na7 66. Bc2 Nc8 67. Kf3 Na7 68. Bd1 Nc8 69. Ke3 Kh7 
70. Bf3 Kg6 71. Bd1 Ne7 72. Bc2 Kg7 73. Bd1 Kf7 74. Bf3 Kg6 75. Bd1 Kf7 
76. Be2 Nc8 77. Bd3 Na7 78. Kf3 Kg7 79. Kf2 Kg6 80. Kg2 Kh6 81. Kf2 Nc8 
82. Ke2 Kh7 83. Kf3 Kg7 84. Bc2 Na7 85. Bd1 Kg8 86. Bc2 Kf8 87. Bd1 Nc8 
88. Ke3 Ne7 89. Bf3 Ng6 90. Kf2 Kf7 91. Be2 Nh8 92. Bd3 Ng6 93. Kf3 Ne7 
94. Be2 Ng8 95. Bd1 Kf8 96. Be2 Ne7 97. Kf2 Ke8 98. Kf3 Kd7 99. Kg2 Kc7 
100. Kf2 Kb7 101. Ke3 Nc8 102. Bf3 Kc7 1/2-1/2

[Event "Sunday 01 April Rapid Engine Tour 12+1 Rounds 9 Starts 1600ST"]
[Site "Infinity Chess"]
[Date "2018.4.1"]
[Round "4"]
[White "IronMan"]
[Black "KQRBNP"]
[Result "1/2-1/2"]
[ECO "D30"]
[WhiteElo "2453"]
[BlackElo "2404"]
[WhiteEngine "Eman 1.70-beta11 64-bit BMI2"]
[BlackEngine "Eman 1.70-beta12 64-bit POPCNT"]
[EventType "Swiss"]
[WhiteTeam ""]
[BlackTeam ""]
[PlyCount "128"]
[TimeControl "720+1"]

1. d4 d5 2. c4 e6 3. Nf3 Nf6 4. Nc3 c6 5. Bg5 h6 6. Bxf6 Qxf6 7. e3 Nd7 
8. Be2 Qd8 9. Qc2 Be7 10. Rc1 a6 11. O-O O-O 12. a3 b6 13. Rfd1 Bb7 14. e4 Re8 
15. e5 dxc4 16. Bxc4 Qb8 17. Bd3 c5 18. Bh7+ Kh8 19. Be4 cxd4 20. Bxb7 Qxb7 
21. Rxd4 b5 22. Qe4 Qa7 23. Qf4 Rf8 24. Ne4 Nc5 25. Rdd1 Nxe4 26. Qxe4 Rac8 
27. g3 Bc5 28. Rc2 Rc7 29. Kg2 Rfc8 30. Nd4 Kg8 31. b4 Bxd4 32. Rxc7 Qxc7 
33. Rxd4 Rd8 34. Rxd8+ Qxd8 35. Qe3 h5 36. Qf3 g6 37. Qe4 Qc7 38. Qe2 Qd8 
39. Qf3 h4 40. Qe4 hxg3 41. hxg3 a5 42. Qc6 axb4 43. axb4 Qd3 44. Qf3 Qd4 
45. Qf4 Qd1 46. Qe4 Kg7 47. Qf4 Qd5+ 48. Kh2 Kg8 49. Qe3 Qd1 50. Kg2 Qd5+ 
51. Kh2 Qc4 52. Qf4 Qc3 53. Kg2 Qd3 54. f3 Qd7 55. Kh3 Qd8 56. Kg4 Qd3 
57. Kh3 Qd1 58. Kg4 Qb1 59. Qe4 Qxe4+ 60. fxe4 Kf8 61. Kg5 Ke7 62. g4 Kd7 
63. Kf6 Ke8 64. g5 Kf8 1/2-1/2